 Dungeon Crawl Stone Soup version 0.30-a0-325-gb515db48ae (webtiles) character file.

Game seed: 4863931251678652049

100 Devinter the Firebug (level 4, -9/27 HPs)
             Began as an Octopode Fire Elementalist on Oct 28, 2022.
             Mangled by a gnoll
             ... wielding a +0 flail
              (10 damage)
             ... on level 2 of the Dungeon.
             The game lasted 00:09:42 (1417 turns).

Devinter the Firebug (Octopode Fire Elementalist)   Turns: 1417, Time: 00:09:43

Health: -9/27      AC:  1    Str:  7    XL:     4   Next: 73%
Magic:  5/8        EV:  7    Int: 19    God:
Gold:   105        SH:  0    Dex: 12    Spells: 6/9 levels left

rFire   . . .      SeeInvis .    b - +0 dagger
rCold   . . .      Faith    .    (no shield)
rNeg    . . .      Spirit   .    (helmet restricted)
rPois   .          Reflect  .    (no amulet)
rElec   .          Harm     .    (no ring)
rCorr   .          Rampage  .    (no ring)
Will    .....                    (no ring)
Stlth   +++.......               (no ring)
HPRegen 0.24/turn                (no ring)
MPRegen 0.11/turn                (no ring)
                                 (no ring)
                                 (no ring)

@: mighty, held
A: almost no armour, amphibious, 8 rings, camouflage 1, gelatinous body 1,
(nimble swimmer 1), tentacles
a: no special abilities


You were on level 2 of the Dungeon.
You visited 1 branch of the dungeon, and saw 2 of its levels.

You collected 105 gold pieces.

Inventory:

Hand Weapons
 b - a +0 dagger (weapon)
Missiles
 k - a throwing net
Scrolls
 e - a scroll of vulnerability {unknown}
 g - 4 scrolls of identify {unknown}
Potions
 a - a potion of magic
 c - a potion of degeneration {unknown}
 d - a potion of attraction {unknown}
 f - a potion of cancellation {unknown}
 h - a potion of heal wounds {unknown}
 i - a potion of brilliance {unknown}


   Skills:
 - Level 2.0 Dodging
 + Level 3.6 Stealth
 + Level 3.0 Spellcasting
 - Level 2.0 Conjurations
 + Level 3.9 Fire Magic


You had 6 spell levels left.
You knew the following spells:

 Your Spells              Type           Power      Damage    Failure   Level
a - Foxfire               Conj/Fire      56%        2x1d6     4%          1
b - Scorch                Fire           34%        2d7       4%          2

Your spell library contained the following spells:

 Spells                   Type           Power      Damage    Failure   Level
 Inner Flame              Hex/Fire       10%        N/A       21%         3
 Kindle Blastsparks       Fire/Tloc/Air  14%        2d11      26%         3
 Flame Wave               Conj/Fire      14%        2d6       41%         4


Dungeon Overview and Level Annotations

Branches:
Dungeon (2/15)

Altars:


Innate Abilities, Weirdness & Mutations

You cannot wear most types of armour.
You are amphibious.
You can wear up to eight rings at the same time.
Your skin changes colour to match your surroundings (Stealth+).
Your rubbery body absorbs attacks. (AC +1, EV +1)
((You are camouflaged when in or above water. (Stealth+)))
You have tentacles for arms and can constrict up to eight enemies at once.


Message History

The gnoll is heavily wounded.
You hit the gnoll but do no damage. You grab the gnoll. You squeeze the gnoll.
You kill the gnoll!
Casting: Foxfire (safe; 4% risk of failure)
Confirm with . or Enter, or press ? or * to list all spells.
You conjure some foxfire!
The foxfire hits the gnoll.
The gnoll is lightly wounded.
Casting: Foxfire (safe; 4% risk of failure)
Confirm with . or Enter, or press ? or * to list all spells.
You conjure some foxfire!
You hit the gnoll but do no damage. You grab the gnoll.
The gnoll is lightly wounded.
You constrict the gnoll.
The foxfire hits the gnoll.
The gnoll is moderately wounded.
The foxfire hits the gnoll.
The gnoll is heavily wounded.
The gnoll hits you with a +0 flail.
You hit the gnoll.
The gnoll is severely wounded.
You constrict the gnoll. The gnoll hits you with a +0 flail!
You hit the gnoll.
You kill the gnoll!
The gnoll throws a throwing net.
The throwing net hits you.
You become entangled in the net!
Your Spellcasting skill increases to level 3!
Casting: Foxfire (safe; 4% risk of failure)
Confirm with . or Enter, or press ? or * to list all spells.
You conjure some foxfire!
The foxfire hits the endoplasm.
The endoplasm is almost dead.
You struggle against the net.
The foxfire hits the endoplasm.
You kill the endoplasm!
You struggle against the net.
The gnoll hits you with a +0 flail.
* * * LOW HITPOINT WARNING * * *
You struggle against the net.
The gnoll hits you with a +0 flail!
* * * LOW HITPOINT WARNING * * *
It was a potion of might.
You feel very mighty all of a sudden. The gnoll hits you with a +0 flail!
You die...

...... #########
..... #.......# .g..
## ##.......# ... ..
#[.......# .. ##
#........# .#
#####.#'#'#'## ###.#
......#.#.#.####.gg#
##
......#+#.......@###
#.
.........>...########
#.
...........#.........
..
...........#.........
...
###........#..†......
..g
#........#..†......
..
##.......##.######..
g #...........#
#.######.####


You could see 2 gnolls.

Vanquished Creatures
  2 adders (D:2)
  2 gnolls (D:2)
  A worm (D:1)
  10 ball pythons
  A bat (D:1)
  9 endoplasms
  4 giant cockroaches
  5 goblins
  3 hobgoblins
  4 jackals (D:2)
  4 kobolds
  3 quokkas
  3 frilled lizards
  3 rats
54 creatures vanquished.

Vanquished Creatures (others)
  52 foxfires
52 creatures vanquished.

Grand Total: 106 creatures vanquished

Notes
Turn   | Place    | Note
-------+----------+-------------------------------------------
     0 | D:1      | Devinter the Octopode Fire Elementalist began the quest for
                  | the Orb.
     0 | D:1      | Reached XP level 1. HP: 11/11 MP: 3/3
    38 | D:1      | HP: 1/11 [goblin/+0 dagger (3)]
   135 | D:1      | Reached skill level 3 in Stealth
   135 | D:1      | Reached XP level 2. HP: 17/17 MP: 5/5
   465 | D:1      | Reached XP level 3. HP: 13/21 MP: 3/6
   470 | D:1      | HP: 1/21 [hobgoblin (4)]
   927 | D:1      | Learned a level 2 spell: Scorch
   931 | D:2      | Reached skill level 2 in Conjurations
  1002 | D:2      | Reached XP level 4. HP: 22/27 MP: 1/8
  1413 | D:2      | Reached skill level 3 in Spellcasting
  1416 | D:2      | HP: 1/27 [gnoll/+0 flail (8)]
  1417 | D:2      | Mangled by a gnoll

Illustrated notes

Levels and vault maps discovered:
D:1:      wander_arrival_estate, layout_basic
D:2:      layout_basic

Skill      XL: |  1  2  3  4 |
---------------+-------------+-----
Stealth        | 3 |  3.6
Conjurations   | 2 |  2.0
Spellcasting   | 3 |  3.0
Dodging        | |  2.0
Fire Magic     | |  3.9

Action                   |  1- 3 |  4- 6 || total
-------------------------+-------+-------++-------
Melee: Unarmed           |     8 |       ||     8
       Tentacles         |    11 |     4 ||    15
       Dagger            |    45 |    24 ||    69
       Constrict         |     8 |     5 ||    13
       Punch             |     1 |       ||     1
 Cast: Foxfire           |    22 |     7 ||    29
       Scorch            |     2 |     1 ||     3
  Use: Potion            |       |     1 ||     1
 Stab: Sleeping          |    13 |     5 ||    18
Armor: Skin              |     1 |       ||     1
Dodge: Dodged            |    50 |    10 ||    60

Table legend: (Time is in decaauts)
 A = Elapsed time spent in this place.
 B = Non-inter-level travel time spent in this place.
 C = Inter-level travel time spent in this place.
 D = Time resting spent in this place.
 E = Time spent auto-exploring this place.
 F = Levels seen in this place.
 G = Mean time per level.
                   A        B        C        D        E       F      G
               +--------+--------+--------+--------+--------+-----+--------+
         Total |   1417 |   1407 |     10 |    118 |    287 |   2 |  708.5 |
       Dungeon |   1417 |   1407 |     10 |    118 |    287 |   2 |  708.5 |
               +--------+--------+--------+--------+--------+-----+--------+

Top non-repeatable levels by time:
     D:1: 925 daAuts
     D:2: 492 daAuts
